 Dungeon Crawl Stone Soup version 0.31-a0-455-g1a7b003ef0 (webtiles) character file.

Game seed: 11458737097204183780

692 Dirtsage the Changeling (level 7, -1/43 HPs)
             Began as an Octopode Shapeshifter on Aug 3, 2023.
             Succumbed to an orc's poison
             ... on level 5 of the Dungeon.
             The game lasted 00:05:30 (3240 turns).

Dirtsage the Changeling (Octopode Shapeshifter)     Turns: 3240, Time: 00:05:31

Health: -1/43      AC:  1    Str: 16    XL:     7   Next: 63%
Magic:  7/7        EV: 13    Int: 10    God:
Gold:   130        SH:  0    Dex: 13    Spells: 6/6 levels left

rFire   . .          .
                       - Unarmed
rCold   . . .        (no shield)
rNeg    . . .        (helmet currently unavailable)
rPois   .            (no amulet)
rElec   .            C - ring of resist corrosion
rCorr   +            (no ring)
SInv    .            (no ring)
Will    .....        (no ring)
Stlth   ++           (no ring)
HPRegen 0.27/turn    (no ring)
MPRegen 0.10/turn    (no ring)
                     (no ring)

%: no passive effects
@: lethally poisoned (-1 -> -9), beast-form, on berserk cooldown, attractive,
slowed, very slow
A: beast (slay +5), almost no armour, amphibious, 8 rings, camouflage 1,
gelatinous body 1, (nimble swimmer 1), tentacles
a: Begin Untransformation


You were on level 5 of the Dungeon.
You were a hulking beast.
You visited 1 branch of the dungeon, and saw 5 of its levels.

You collected 130 gold pieces.

Inventory:

Missiles
 c - a throwing net
Jewellery
 C - a ring of resist corrosion (left tentacle)
Talismans
 b - a beast talisman (active)
Scrolls
 f - a scroll of poison {unknown}
 h - 5 scrolls of identify {unknown}
 j - 4 scrolls of amnesia {unknown}
 l - a scroll of brand weapon {unknown}
 m - a scroll of teleportation {unknown}
 o - 2 scrolls of immolation {unknown}
 p - a scroll of fear {unknown}
 r - a scroll of revelation {unknown}
Potions
 a - a potion of lignification
 d - 2 potions of degeneration {unknown}
 e - 2 potions of haste {unknown}
 g - a potion of berserk rage
 i - a potion of curing {unknown}
 k - a potion of attraction
 n - a potion of invisibility {unknown}
 q - a potion of mutation {unknown}


   Skills:
 - Level 1.0 Fighting
 - Level 2.0 Dodging
 - Level 3.0 Unarmed Combat
 + Level 7.5 Shapeshifting


You had 6 spell levels left.
You didn't know any spells.
Your spell library contained the following spells:

 Spells                   Type           Power      Damage    Failure   Level
 Necrotise                Necr           0%         1d4       36%         1
 Vampiric Draining        Necr           0%         2d6       75%         3
 Passage of Golubria      Tloc           0%         N/A       98%         4
 Agony                    Necr           0%         N/A       100%        5
 Silence                  Hex/Air        0%         N/A       100%        5
 Lehudib's Crystal Spear  Conj/Erth      0%         10d2      100%        8


Dungeon Overview and Level Annotations

Branches:
Dungeon (5/15)
 Temple: D:4-7

Altars:
Nemelex Xobeh
Okawaru
Xom

Annotations:
D:4 1 runed translucent door


Innate Abilities, Weirdness & Mutations

You are a hulking beast.
Your limbs bulge with bestial killing power. (Slay +5)
You cannot wear most types of armour.
You are amphibious.
You can wear up to eight rings at the same time.
Your skin changes colour to match your surroundings (Stealth+).
Your rubbery body absorbs attacks. (AC +1, EV +1)
((You are camouflaged when in or above water. (Stealth+)))
You have tentacles for arms and can constrict up to eight enemies at once.


Message History

You batter the orc wizard!!
You kill the orc wizard!
* * * LOW HITPOINT WARNING * * *
You feel very sick.
The orc wizard casts a spell.
The orc wizard flickers and vanishes!
Deactivating autopickup; reactivate with Ctrl-A.
The orc wizard hits you with a +0 dagger.
* * * LOW HITPOINT WARNING * * *
You take 8 damage, and have 15/64 hp.
* * * LOW HITPOINT WARNING * * *
You feel very sick.
The orc wizard casts a spell.
The orc wizard flickers and vanishes!
You take 3 damage, and have 12/64 hp.
You are too berserk!
You feel a strong urge to attack something.
* * * LOW HITPOINT WARNING * * *
You feel very sick.
You take 3 damage, and have 9/64 hp.
You bump into the rock wall.
* * * LOW HITPOINT WARNING * * *
You feel very sick.
You take 3 damage, and have 6/64 hp.
You bump into the rock wall.
You feel your anger nearly subside.
* * * LOW HITPOINT WARNING * * *
You feel sick.
You take 1 damage, and have 5/64 hp.
You feel less confused.
You are no longer berserk.
You are exhausted.
You feel yourself slow down.
* * * LOW HITPOINT WARNING * * *
You feel sick.
Things that are here:
a +0 whip; a +0 leather armour You now have 2/43 hp.
It was a potion of attraction.
You feel attractive to monsters.
You die...

#..##.....##..##.....##
##'#########.†.#......#
...............#......#
...............'......#
#####'##..##...#))....#
.......#..##^..#)))...#
.......#...#...#...†..#
.......#...#...#......#
.......#...#...#h.....#
.......#..######.....##
###....#..# ########
#....#..# ..
#....#..##..O
#....#.......
#....#S......
#....#......#
#....'......#


There were no monsters in sight!

Vanquished Creatures
  A black bear (D:4)
  A phantom (D:5)
  A scorpion (D:5)
  A howler monkey (D:5)
  4 crimson imps (D:5)
  A sleepcap (D:4)
  A gnoll bouda (D:5)
  An orc wizard (D:5)
  2 iguanas (D:5)
  5 gnolls (D:5)
  2 adders
  An ufetubus (D:4)
  2 worms
  5 dart slugs
  3 orcs
  8 ball pythons
  6 endoplasms
  6 giant cockroaches
  3 goblins
  2 hobgoblins
  4 jackals (D:1)
  2 quokkas (D:3)
  5 bats
  3 frilled lizards
  5 kobolds
  10 rats
  A spectral hobgoblin (D:3)
86 creatures vanquished.

Notes
Turn   | Place    | Note
-------+----------+-------------------------------------------
     0 | D:1      | Dirtsage the Octopode Shapeshifter began the quest for the
                  | Orb.
     0 | D:1      | Reached XP level 1. HP: 13/13 MP: 1/1
   178 | D:1      | Reached XP level 2. HP: 18/18 MP: 2/2
   582 | D:1      | Reached XP level 3. HP: 23/23 MP: 3/3
   963 | D:2      | Reached skill level 4 in Shapeshifting
  1358 | D:3      | Reached XP level 4. HP: 28/28 MP: 4/4
  1375 | D:3      | Found a faded altar of an unknown god.
  1925 | D:4      | You fall into a shaft and drop 1 floor!
  1925 | D:5      | Entered Level 5 of the Dungeon
  1937 | D:5      | Noticed an ogre
  2037 | D:4      | Found an iron altar of Okawaru.
  2037 | D:4      | Found a runed translucent door.
  2042 | D:4      | Found the +0 toga "Victory" {*Victory Clar}
  2043 | D:4      | Noticed a centaur
  2062 | D:4      | Noticed a black bear
  2068 | D:4      | Killed a black bear
  2069 | D:4      | Reached skill level 5 in Shapeshifting
  2069 | D:4      | Reached XP level 5. HP: 33/33 MP: 5/5
  2411 | D:4      | Found a sparkling altar of Nemelex Xobeh.
  2756 | D:5      | Reached XP level 6. HP: 38/38 MP: 6/6
  2863 | D:5      | Found a shimmering altar of Xom.
  2871 | D:5      | Reached skill level 6 in Shapeshifting
  2982 | D:5      | Reached XP level 7. HP: 29/43 MP: 7/7
  3082 | D:5      | Reached skill level 7 in Shapeshifting
  3239 | D:5      | HP: 2/43 [poisoned by an orc]
  3240 | D:5      | Succumbed to an orc's poison

Illustrated notes

Levels and vault maps discovered:
D:1:      mrwooster_arrival_arrow, layout_loops_ring, minmay_tall_x
D:2:      layout_loops_ring
D:3:      layout_rooms, dreamdust_ecumenical_altar_drowned_temple,
          nicolae_eternal_life
D:4:      layout_loops_ring, mainiacjoe_overflow_24_doors,
          nicolae_overflow_guarded_unrand_okawaru_victory
D:5:      layout_gridville, led_xom_imps

Skill      XL: |  1  2  3  4  5  6  7 |
---------------+----------------------+-----
Shapeshifting  | 4 5 6 7 |  7.5
Fighting       | |  1.0
Dodging        | |  2.0
Unarmed Combat | |  3.0

Action                     |  1- 3 |  4- 6 |  7- 9 || total
---------------------------+-------+-------+-------++-------
  Melee: Unarmed           |    59 |    86 |    35 ||   180
         Tentacles         |    12 |    19 |     4 ||    35
         Constrict         |    16 |    20 |     4 ||    40
         Punch             |     3 |     3 |       ||     6
  Throw: Throwing net      |       |     1 |       ||     1
    Use: Potion            |       |       |     3 ||     3
   Stab: Sleeping          |    10 |     7 |       ||    17
 Armour: Skin              |     5 |     4 |    25 ||    34
  Dodge: Dodged            |    31 |    42 |     6 ||    79

Table legend: (Time is in decaauts)
 A = Elapsed time spent in this place.
 B = Non-inter-level travel time spent in this place.
 C = Inter-level travel time spent in this place.
 D = Time resting spent in this place.
 E = Time spent auto-exploring this place.
 F = Levels seen in this place.
 G = Mean time per level.
                   A        B        C        D        E       F      G
               +--------+--------+--------+--------+--------+-----+--------+
         Total |   3226 |   3136 |     90 |    127 |   2456 |   5 |  645.2 |
       Dungeon |   3226 |   3136 |     90 |    127 |   2456 |   5 |  645.2 |
               +--------+--------+--------+--------+--------+-----+--------+

Top non-repeatable levels by time:
     D:4: 838 daAuts
     D:1: 720 daAuts
     D:5: 597 daAuts
     D:2: 558 daAuts
     D:3: 512 daAuts
